 Dungeon Crawl Stone Soup version 0.27-a0-1202-ge72e49191c (webtiles) character file.

Game seed: 4904124507630986171

4584 kae the Envoy of Void (level 10, -9/80 HPs)
             Began as a Demonspawn Abyssal Knight on June 2, 2021.
             Was a High Priest of Lugonu.
             Killed from afar by an efreet (24 damage)
             ... with a fireball
             ... on level 8 of the Dungeon.
             The game lasted 00:07:09 (7718 turns).

kae the Envoy of Void (Demonspawn Abyssal Knight)   Turns: 7718, Time: 00:07:10

Health: -9/80      AC: 17    Str: 16    XL:     10   Next: 18%
Magic:  17/17      EV: 13    Int: 13    God:    Lugonu [*****.]
Gold:   571        SH:  0    Dex: 17    Spells: 9/9 levels left

rFire    x . .     SeeInvis .   b - +7 scimitar of Demonic Prudence {flame, rCorr Dex+4}
rCold    + + .     Faith    .   (no shield)
rNeg     . . .     Spirit   .   y - +0 ice dragon scales
rPois    .         Reflect  .   (helmet restricted)
rElec    .         Harm     .   (no cloak)
rCorr    +         Rampage  .   j - +0 pair of gloves
Will     .....                  (no boots)
Stlth    ..........             (no amulet)
HPRegen  0.23/turn              e - +4 ring of evasion
MPRegen  0.15/turn              n - +4 ring of protection

@: no status effects
A: antennae 2, slimy green scales 2
a: Renounce Religion, Depart the Abyss, Bend Space, Banish, Corrupt, Enter the
Abyss


You were on level 8 of the Dungeon.
You worshipped Lugonu.
Lugonu was extremely pleased with you.
You visited 1 branch of the dungeon, and saw 8 of its levels.
You visited the Abyss 1 time.
You also visited: Bailey.

You collected 571 gold pieces.

Inventory:

Hand Weapons
 a - the +12 rapier of Wiham {vamp, rC+ Dex+4}
   (You acquired it on level 3 of the Dungeon)

   It inflicts no extra harm, but heals its wielder when it wounds a living foe.
   It affects your dexterity (+4).
   It protects you from cold.
 b - the +7 scimitar of Demonic Prudence (weapon) {flame, rCorr Dex+4}
   (You found it on level 4 of the Dungeon)

   It has been specially enchanted to burn those struck by it, causing extra
   injury to most foes and up to half again as much damage against particularly
   susceptible opponents.
   Big, fiery blades are also staple armaments of hydra-hunters.
   It affects your dexterity (+4).
   It protects you from acid and corrosion.
 g - a +2 falchion
 u - a +4 long sword
Armour
 j - a +0 pair of gloves (worn)
 q - a +1 leather armour
 y - +0 ice dragon scales (worn)
Jewellery
 e - a +4 ring of evasion (left hand)
 h - a ring of protection from cold
 n - a +4 ring of protection (right hand)
 o - a ring of ice
 s - a +4 ring of protection
Wands
 d - a wand of mindburst (11)
 x - a wand of iceblast (5)
Scrolls
 i - 4 scrolls of identify
 k - 2 scrolls of teleportation
 t - a scroll of silence
 w - 2 scrolls of enchant armour
 z - a scroll of amnesia
Potions
 c - 3 potions of mutation
 f - 5 potions of curing
 l - 2 potions of might
 m - 4 potions of lignification
 p - a potion of cancellation
 r - a potion of brilliance


   Skills:
 + Level 8.1 Fighting
 * Level 9.9 Long Blades
 - Level 1.7 Armour
 - Level 0.8 Dodging
 + Level 10.0 Invocations


You had 9 spell levels left.
You didn't know any spells.
Your spell library contained the following spells:

 Spells                   Type           Power      Damage    Failure   Level
 Beastly Appendage        Tmut           0%         N/A       83%         1
 Magic Dart               Conj           0%         1d3       83%         1
 Summon Small Mammal      Summ           0%         N/A       83%         1
 Blink                    Tloc           N/A        N/A       92%         2
 Call Imp                 Summ           0%         N/A       92%         2
 Slow                     Hex            0%         N/A       92%         2
 Wereblood                Tmut           0%         N/A       92%         2
 Call Canine Familiar     Summ           0%         N/A       99%         3
 Conjure Flame            Conj/Fire      0%         6-21      99%         3
 Mephitic Cloud           Conj/Pois/Air  0%         N/A       99%         3
 Spider Form              Tmut/Pois      0%         N/A       99%         3
 Summon Guardian Golem    Hex/Summ       0%         N/A       99%         3
 Ice Form                 Ice/Tmut       0%         N/A       100%        4
 Summon Ice Beast         Ice/Summ       0%         N/A       100%        4
 Summon Lightning Spire   Summ/Air       0%         N/A       100%        4
 Bolt of Magma            Conj/Fire/Erth 0%         4d4       100%        5
 Hydra Form               Tmut           0%         N/A       100%        5
 Iskenderun's Battlesphe  Conj           0%         2d6       100%        5
 Iron Shot                Conj/Erth      0%         9d1       100%        6
 Orb of Destruction       Conj           0%         N/A       100%        7
 Spellforged Servitor     Conj/Summ      0%         N/A       100%        7


Dungeon Overview and Level Annotations

Branches:
Dungeon (8/15)             Temple (0/1) D:4          Bailey (visited)
   Lair: D:8-11

Altars:
Elyvilon
Ru
Sif Muna
Vehumet
Wu Jian
Xom

Annotations:
D:4 1 runed translucent door, nago's ghost, amateur DgSu


Innate Abilities, Weirdness & Mutations

You have a pair of antennae on your head.
You are mostly covered in slimy green scales. (AC +3)


Message History

You sense a monster nearby.
An efreet comes into view.
It is wielding a +0 scimitar of flaming.
Found a polished chain mail.
An efreet is nearby!
An efreet is nearby!
An efreet is nearby!
You start waiting.
An efreet is nearby!
You hit the efreet.
The efreet is lightly wounded.
You hit the efreet.
The efreet is moderately wounded.
The efreet gestures at you.
The fireball explodes!
The fireball engulfs you! The fire burns you terribly!
The tree burns like a torch!
The fireball engulfs the efreet.
The efreet completely resists.
You hear a shout!
You hit the efreet.
The efreet is heavily wounded.
You are engulfed in blazing flames.
The efreet misses you.
The forest fire spreads! x2
You are too injured to fight recklessly!
You are too injured to fight recklessly!
You are too injured to fight recklessly!
Unknown command.
You hit the efreet.
The efreet is heavily wounded.
You are engulfed in blazing flames.
* * * LOW HITPOINT WARNING * * *
The efreet gestures at you. The bolt of fire hits you!!
The fire burns you terribly!
* * * LOW HITPOINT WARNING * * *
Unknown command.
Unknown command.
Okay, then.
You feel much better.
You are engulfed in blazing flames.
* * * LOW HITPOINT WARNING * * *
The efreet gestures at you.
The fireball explodes!
The fireball engulfs you!! The fire burns you terribly!
You die...

# #..#############...#########
#######.#.....♣ ♣♣♣♣♣.♣♣♣♣♣ ♣.♣
......#.#.♣.♣.♣♣♣♣.........♣♣♣♣..
.####.#.#.♣.♣....................
.# ##...#.♣♣♣)#♣♣♣.........♣♣♣♣..
.###....#.♣♣♣.# ♣♣♣♣♣.♣♣♣♣♣ ♣.♣
..##....###.####### ### ###
#).#....#♣♣.♣♣#§§R♣♣ ♣
...#....#♣...♣#§@§.♣ ♣.♣#♣♣
...#....#.....§§§§§..# ♣....
.><#....#♣..(♣#♣§§§♣#[# ♣.♣#♣♣
........#♣♣.♣♣ ♣♣.♣♣ .# ♣
...###..# #.# ###################
...# #..#♣♣.♣ ♣...............♣..
##.# #..#♣.♣.♣♣.♣♣♣♣♣...♣♣♣♣♣.♣)♣
#.###..#.♣♣♣...♣ ♣.♣.♣ ♣...♣
#..##..#♣.♣.♣♣.♣♣♣♣♣...♣♣♣♣♣.♣.♣


You could see an efreet.

Vanquished Creatures
  A deep elf pyromancer (D:8)
  Joseph (D:7)
  Maggie (D:6)
  A steam dragon (D:6)
  A yak (D:8)
  Menkaure (D:5)
  A water moccasin (D:8)
  A black bear (D:5)
  7 orc warriors
  An ice beast (D:7)
  2 centaurs (D:8)
  2 necrophages (D:5)
  A kobold brigand (D:8)
  2 bullfrogs
  A gnoll sergeant (D:8)
  2 scorpions
  11 killer bees
  3 wights (D:8)
  A howler monkey (D:5)
  2 centaur zombies (D:8)
  A gnoll shaman (D:4)
  3 hounds
  2 orc priests (D:6)
  A bullfrog skeleton (D:4)
  2 jellies
  2 iguanas
  Terence (D:2)
  2 orc wizards (D:5)
  A hound zombie (D:5)
  A howler monkey zombie (D:8)
  11 gnolls
  A howler monkey skeleton (D:7)
  5 adders
  A shadow imp (D:5)
  A white imp (D:6)
  2 ufetubi (D:6)
  An adder skeleton (D:4)
  3 worms
  A dart slug (D:1)
  33 orcs
  3 bats
  8 endoplasms
  2 giant cockroaches (D:1)
  13 goblins
  8 hobgoblins
  13 jackals
  3 quokkas (D:4)
  4 ball pythons
  A ball python skeleton (D:2)
  3 frilled lizards
  9 kobolds
  8 rats
193 creatures vanquished.

Notes
Turn   | Place    | Note
-------+----------+-------------------------------------------
     0 | Abyss:1  | kae the Demonspawn Abyssal Knight began the quest for the
                  | Orb.
     0 | Abyss:1  | Reached XP level 1. HP: 18/18 MP: 2/2
    45 | D:1      | Escaped the Abyss
    99 | D:1      | Gained mutation: You are partially covered in slimy green
                  | scales. (AC +2) [demonic ancestry]
    99 | D:1      | Reached XP level 2. HP: 24/24 MP: 4/4
   514 | D:1      | Reached skill level 3 in Invocations
   523 | D:1      | Reached ** piety under Lugonu
   660 | D:1      | Reached XP level 3. HP: 29/29 MP: 5/5
  1544 | D:2      | Gained mutation: You have a pair of small antennae on your
                  | head. [demonic ancestry]
  1544 | D:2      | Reached XP level 4. HP: 35/35 MP: 6/6
  2220 | D:2      | Found a faded altar of an unknown god.
  2387 | D:2      | Noticed Terence
  2403 | D:2      | Killed Terence
  2840 | D:3      | Identified a scroll of acquirement
  2840 | D:3      | Acquired the +12 rapier of Wiham {vamp, rC+ Dex+4}
  3131 | D:4      | Found a staircase to the Ecumenical Temple.
  3188 | D:4      | Reached skill level 4 in Invocations
  3188 | D:4      | Reached XP level 5. HP: 38/42 MP: 6/8
  3200 | D:4      | Reached *** piety under Lugonu
  3229 | D:4      | Found a shimmering blue altar of Sif Muna.
  3352 | D:4      | Identified the +7 scimitar of Demonic Prudence {flame,
                  | rCorr Dex+4}
  3374 | D:4      | Gained mutation: You are mostly covered in slimy green
                  | scales. (AC +3) [demonic ancestry]
  3374 | D:4      | Reached XP level 6. HP: 28/48 MP: 9/9
  3569 | D:4      | Found a runed translucent door.
  3569 | D:4      | Noticed nago's ghost (amateur DgSu)
  3951 | D:5      | Entered Level 5 of the Dungeon
  3955 | D:5      | Reached skill level 5 in Invocations
  3984 | D:5      | Reached skill level 5 in Long Blades
  3984 | D:5      | Gained mutation: You have a pair of antennae on your head.
                  | [demonic ancestry]
  3984 | D:5      | Reached XP level 7. HP: 47/55 MP: 10/10
  4155 | D:5      | Found a radiant altar of Vehumet.
  4155 | D:5      | Found a shimmering altar of Xom.
  4257 | D:5      | Noticed Menkaure
  4264 | D:5      | Killed Menkaure
  4265 | D:5      | Reached skill level 5 in Fighting
  4348 | D:5      | Reached skill level 6 in Invocations
  4839 | D:6      | Reached XP level 8. HP: 62/63 MP: 12/12
  4985 | D:6      | Noticed Maggie
  5006 | D:6      | Killed Maggie
  5007 | D:6      | Reached skill level 7 in Invocations
  5512 | D:6      | Identified the +4 mace of Wealth {freeze, +Rage Fly rElec
                  | rPois}
  5587 | D:6      | Found a sacrificial altar of Ru.
  5700 | D:7      | Noticed Joseph
  5720 | D:7      | Killed Joseph
  5725 | D:7      | Reached skill level 8 in Invocations
  5727 | D:7      | Reached XP level 9. HP: 71/71 MP: 13/15
  5817 | D:7      | Reached **** piety under Lugonu
  5998 | D:7      | Found an ornate altar of the Wu Jian Council.
  6294 | D:8      | Found a flagged portal.
  6307 | Bailey   | Entered a bailey
  6596 | Bailey   | Reached skill level 9 in Invocations
  7145 | D:8      | Reached ***** piety under Lugonu
  7183 | D:8      | Noticed a deep elf pyromancer
  7194 | D:8      | Killed a deep elf pyromancer
  7195 | D:8      | Reached XP level 10. HP: 61/80 MP: 17/17
  7557 | D:8      | Reached skill level 10 in Invocations
  7717 | D:8      | HP: 1/80 [efreet/bolt of fire (19)]
  7718 | D:8      | Killed from afar by an efreet

Illustrated notes

Levels and vault maps discovered:
D:1:      dpeg_arrival_ratfight, layout_rooms, kennysheep_crisscross
D:2:      layout_basic, serial_undead, serial_undead_f, serial_undead_d,
          serial_undead_e, serial_undead_a,
          shapermc_ecumenical_altar_notcrosses, grunt_decor_junction,
          uniq_terence
D:3:      layout_rooms
D:4:      layout_rooms, general_overflow_altar, minmay_temple_entry_sparse_star,
          gammafunk_ghost_grave
D:5:      layout_basic, gammafunk_temple_overflow_pools, kennysheep_potato,
          uniq_menkaure
D:6:      layout_rooms, elyvilon_altar_3, marbit_many_paths, uniq_maggie
D:7:      layout_rooms, lemuel_round_altar, uniq_joseph
D:8:      nzn_winding_woodlands_medium [nzn_winding_woodlands_5x5_perimeter,
          nzn_winding_woodlands_5x15_concentric,
          nzn_winding_woodlands_5x5_closed_star,
          nzn_winding_woodlands_5x5_cross,
          nzn_winding_woodlands_center_diamonds,
          nzn_winding_woodlands_5x5_default, nzn_winding_woodlands_hourglass,
          nzn_winding_woodlands_5x15_default, nzn_winding_woodlands_5x5_three],
          layout_rooms, nicolae_hepliaklqana_monster_ancestors, enter_bailey_3,
          feat_on_display

Skill      XL: |  1  2  3  4  5  6  7  8  9 10 |
---------------+-------------------------------+-----
Long Blades    | 2 3 4 5 6 7 9 |  9.9
Invocations    | 3 4 5 6 8 9 10 | 10.0
Fighting       | 4 5 6 8 |  8.1
Armour         | |  1.7
Dodging        | |  0.8

Action                   |  1- 3 |  4- 6 |  7- 9 | 10-12 || total
-------------------------+-------+-------+-------+-------++-------
Melee: Falchion          |   148 |    58 |       |       ||   206
       Rapier            |       |    89 |   264 |    13 ||   366
       Scimitar          |       |       |       |    17 ||    17
Evoke: Wand              |       |       |     5 |       ||     5
  Use: Scroll            |     1 |    12 |     5 |       ||    18
       Potion            |       |       |       |     1 ||     1
 Stab: Sleeping          |       |       |     1 |       ||     1
Armor: Leather armour    |    46 |    50 |   111 |       ||   207
       Ice dragon scales |       |       |    27 |    11 ||    38
Dodge: Dodged            |    78 |   122 |   294 |    17 ||   511
       Rpst.: Falchion   |    26 |     9 |       |       ||    35

Table legend: (Time is in decaauts)
 A = Elapsed time spent in this place.
 B = Non-inter-level travel time spent in this place.
 C = Inter-level travel time spent in this place.
 D = Time resting spent in this place.
 E = Time spent auto-exploring this place.
 F = Levels seen in this place.
 G = Mean time per level.
                   A        B        C        D        E       F      G
               +--------+--------+--------+--------+--------+-----+--------+
         Total |   7743 |   7565 |    178 |    200 |   5891 |  10 |  774.3 |
       Dungeon |   7000 |   6822 |    178 |     66 |   5558 |   8 |  875.0 |
         Abyss |     45 |     45 |      0 |      0 |     41 |   1 |   45.0 |
        Bailey |    698 |    698 |      0 |    134 |    292 |   1 |  698.0 |
               +--------+--------+--------+--------+--------+-----+--------+

Top non-repeatable levels by time:
     D:2: 1627 daAuts
     D:1: 1040 daAuts
     D:5: 867 daAuts
     D:4: 864 daAuts
     D:8: 859 daAuts
     D:6: 808 daAuts
  Bailey: 698 daAuts
     D:7: 519 daAuts
     D:3: 414 daAuts
 Abyss:1: 45 daAuts
